 Dungeon Crawl Stone Soup version 0.18.1-47-g9310371 (webtiles) character file.

612 Peloso the Shield-Bearer (level 7, -3/60 HPs)
             Began as a Minotaur Fighter on June 19, 2016.
             Succumbed to a kobold's poison
             ... on level 4 of the Dungeon.
             The game lasted 00:08:12 (2803 turns).

Peloso the Shield-Bearer (Minotaur Fighter)         Turns: 2803, Time: 00:08:13

Health: -3/60      AC:  8    Str: 21    XL:     7   Next: 20%
Magic:  6/6        EV:  9    Int:  5    God:
Gold:   375        SH: 10    Dex: 11    Spells: 0 memorised, 6 levels left

rFire  . . .     SeeInvis .     a - +0 long sword
rCold  . . .     Gourm    .     b - +0 scale mail
rNeg   . . .     Faith    .     c - +0 shield
rPois  .         Spirit   .     d - +1 hat
rElec  .         Dismiss  .     (no cloak)
rCorr  .         Reflect  .     (no gloves)
SustAt .         Harm     .     (no boots)
MR     .....                    (no amulet)
Stlth  ..........               (no ring)
                                (no ring)

@: lethally poisoned (-3 -> -37), not resistant to hostile enchantments,
extremely unstealthy
A: retaliatory headbutt, horns 2
a: no special abilities


You were on level 4 of the Dungeon.
You were hungry.

You visited 1 branch of the dungeon, and saw 4 of its levels.

You collected 375 gold pieces.

Inventory:

Hand Weapons
 a - a +0 long sword (weapon)
Armour
 b - a +0 scale mail (worn)
 c - a +0 shield (worn)
 d - a +1 hat (worn)
Wands
 p - a wand of heal wounds (4/9)
Scrolls
 e - 2 scrolls of remove curse
 n - a scroll of teleportation
Potions
 h - 2 potions of flight {unknown}
 i - a potion of resistance {unknown}
 j - a potion of mutation {unknown}
 k - a potion of degeneration {unknown}
Comestibles
 f - 2 bread rations
 g - a meat ration
 m - a beef jerky


   Skills:
 + Level 4.8 Fighting
 + Level 4.8 Long Blades
 + Level 5.3 Armour
 + Level 3.3 Dodging
 + Level 0.3 Stealth
 + Level 6.3 Shields


You had 6 spell levels left.
You didn't know any spells.

Dungeon Overview and Level Annotations

Branches:
Dungeon (4/15)
 Temple: D:4-7

Altars:
Cheibriados
Fedhas
Sif Muna

Annotations:
D:3 Peloso's ghost, amateur MiFi


Innate Abilities, Weirdness & Mutations

You reflexively headbutt those who attack you in melee.
You have a pair of horns on your head.


Message History

You headbutt the gnoll.
The gnoll is heavily wounded.
You feel sick.
The kobold hits you with a whip of venom.
* * * LOW HITPOINT WARNING * * *
You are lethally poisoned!
The gnoll hits you with a halberd!
* * * LOW HITPOINT WARNING * * *
You hit the gnoll. You headbutt the gnoll.
The gnoll is almost dead.
* * * LOW HITPOINT WARNING * * *
You feel very sick. The kobold hits you but does no damage.
You are more poisoned.
You block the gnoll's attack.
The kobold hits you with a whip of venom.
* * * LOW HITPOINT WARNING * * *
You closely miss the gnoll. Your headbutt misses the gnoll.
The gnoll is almost dead.
You die...

##### #$$$###############
#$($#.....%........
#g)$#..............
#@##...... ....... #.K....#
#... #......# #...
#......########...
##'##(.............
#.))#((............
#≈≈≈≈≈≈≈≈≈#..(#(((((((.(.....
#≈≈≈≈≈≈≈≈≈#...###############
#≈≈≈≈≈≈≈≈≈#####≈≈≈≈≈≈≈≈≈≈≈≈≈≈


You could see a gnoll and a kobold.

Vanquished Creatures
  Sigmund (D:3)
  2 big kobolds (D:4)
  A hound (D:4)
  Jessica (D:3)
  A worker ant (D:4)
  7 gnolls (D:4)
  A howler monkey skeleton (D:4)
  4 adders
  An ooze (D:1)
  3 worms
  A dart slug (D:2)
  4 giant geckos
  A ball python (D:4)
  2 giant cockroaches
  7 goblins
  8 hobgoblins
  5 jackals
  A quokka (D:3)
  3 bats
  A jackal skeleton (D:4)
  45 kobolds
  5 rats
  A fungus (D:3)
106 creatures vanquished.

Notes
Turn   | Place    | Note
--------------------------------------------------------------
     0 | D:1      | Peloso the Minotaur Fighter began the quest for the Orb.
     0 | D:1      | Reached XP level 1. HP: 19/19 MP: 0/0
   272 | D:1      | Reached XP level 2. HP: 26/27 MP: 1/1
   626 | D:1      | Reached skill level 4 in Shields
   820 | D:2      | Reached XP level 3. HP: 31/33 MP: 2/2
  1058 | D:2      | Found a snail-covered altar of Cheibriados.
  1325 | D:2      | Found a deep blue altar of Sif Muna.
  1353 | D:2      | Reached XP level 4. HP: 40/40 MP: 3/3
  1505 | D:3      | Noticed Jessica
  1524 | D:3      | Killed Jessica
  1524 | D:3      | Reached skill level 1 in Dodging
  1552 | D:3      | Noticed Sigmund
  1558 | D:3      | Killed Sigmund
  1558 | D:3      | Reached skill level 5 in Armour
  1558 | D:3      | Reached skill level 5 in Shields
  1558 | D:3      | Reached XP level 5. HP: 29/47 MP: 4/4
  1558 | D:3      | Reached XP level 6. HP: 32/53 MP: 5/5
  1783 | D:3      | Noticed Peloso's ghost (amateur MiFi)
  2020 | D:3      | Found a blossoming altar of Fedhas.
  2538 | D:4      | Reached skill level 6 in Shields
  2538 | D:4      | Reached XP level 7. HP: 37/60 MP: 6/6
  2802 | D:4      | HP: 1/60 [kobold/whip of venom (4)]
  2803 | D:4      | Succumbed to a kobold's poison

Skill      XL: |  1  2  3  4  5  6 |
---------------+-------------------+-----
Shields        | 4 5 6 |  6.3
Armour         | 4 5 |  5.3
Fighting       | 4 |  4.8
Long Blades    | 3 4 |  4.8
Dodging        | 2 3 |  3.3
Stealth        | |  0.3

Action                   |  1- 3 |  4- 6 |  7- 9 || total
-------------------------+-------+-------+-------++-------
Melee: Long sword        |    76 |   145 |    45 ||   266
       Headbutt          |     8 |    24 |    12 ||    44
  Use: Potion            |       |     1 |       ||     1
       Scroll            |       |     6 |       ||     6
  Eat: Chunk             |     1 |     4 |     1 ||     6
Armor: Scale mail        |    33 |    68 |    24 ||   125
Dodge: Dodged            |    25 |    64 |    21 ||   110
Block: Shield            |    43 |   114 |    44 ||   201
